 Dungeon Crawl Stone Soup version 0.31-a0-204-g7da18cac08 (webtiles) character file.

Game seed: 4488389971776662437

714 qw the Skirmisher (level 7, -6/40 HPs)
             Began as a Deep Elf Hunter on June 27, 2023.
             Mangled by an ogre
             ... wielding a +0 giant spiked club
              (10 damage)
             ... on level 5 of the Dungeon.
             The game lasted 00:01:23 (3580 turns).

qw the Skirmisher (Deep Elf Hunter)                 Turns: 3580, Time: 00:01:23

Health: -6/40      AC: 11    Str: 10    XL:     7   Next: 41%
Magic:  9/9        EV: 11    Int: 14    God:
Gold:   132        SH:  0    Dex: 18    Spells: 6/6 levels left

rFire   . . .        n - +0 shortbow (heavy)
rCold   . . .        (shield currently unavailable)
rNeg    . . .        f - +0 ring mail
rPois   .            d - +2 hat
rElec   .            m - +0 cloak
rCorr   .            a - +2 pair of gloves
SInv    .            (no boots)
Will    +....        (no amulet)
Stlth   +            e - ring of willpower
HPRegen 0.26/turn    (no ring)
MPRegen 0.11/turn

%: no passive effects
@: about to teleport
A: no striking features
a: no special abilities


You were on level 5 of the Dungeon.
You visited 1 branch of the dungeon, and saw 5 of its levels.

You collected 192 gold pieces.
You spent 60 gold pieces at shops.


   Skills:
 - Level 2.2 Fighting
 + Level 11.2 Ranged Weapons
 - Level 1.0 Armour
 - Level 3.1 Dodging
 - Level 1.2 Stealth


You had 6 spell levels left.
You didn't know any spells.
Your spell library was empty.

Inventory:

Hand Weapons
 n - a +0 heavy shortbow (weapon)
Armour
 a - a +2 pair of gloves (worn)
 d - a +2 hat (worn)
 f - a +0 ring mail (worn)
 m - a +0 cloak (worn)
Jewellery
 e - a ring of willpower (left hand)
Scrolls
 h - 5 scrolls of teleportation
 Y - a scroll of identify
Potions
 g - a potion of resistance {unknown}
 j - a potion of might
 k - a potion of berserk rage {unknown}
 l - a potion of degeneration {unknown}
 p - a potion of curing {unknown}

Dungeon Overview and Level Annotations

Branches:
Dungeon (5/15)
 Temple: D:4-7

Altars:
Ashenzari

Shops:
D:2 *


Message History

An ogre comes into view. It is wielding a +0 giant spiked club.
You shoot an arrow. The arrow barely misses the orc priest.
The ogre shouts!
The hound bites you but does no damage. The hound bites you.
The orc priest hits you with a +0 short sword.
You shoot an arrow.
The arrow hits the orc priest but does no damage.
The orc priest is heavily wounded.
The hound closely misses you.
The orc priest hits you but does no damage.
The hound barely misses you.
You shoot an arrow. The arrow hits the orc priest.
The orc priest is almost dead.
The hound bites you but does no damage. The orc priest barely misses you.
The hound bites you but does no damage.
The orc priest hits you but does no damage.
You shoot an arrow. The arrow hits the orc priest.
The orc priest is almost dead.
The hound bites you but does no damage. The hound closely misses you.
The orc priest hits you but does no damage.
You shoot an arrow. The arrow hits the orc priest!
You kill the orc priest!
The hound bites you but does no damage. The hound completely misses you.
You shoot an arrow. The arrow barely misses the hound.
The hound bites you but does no damage. The hound barely misses you.
You shoot an arrow. The arrow barely misses the hound.
The hound bites you. The hound barely misses you.
You shoot an arrow. The arrow hits the ogre!
The ogre is heavily wounded.
The ogre misses you.
You shoot an arrow. The arrow barely misses the ogre.
The ogre hits you with a +0 giant spiked club!!
Ouch! That really hurt!
3579 ||| READING 6 scrolls of teleportation.
As you read the scroll of teleportation, it crumbles to dust.
You feel strangely unstable.
You shoot an arrow. The arrow hits the ogre.
The ogre is heavily wounded.
The ogre hits you with a +0 giant spiked club!
You die...

.#.#.#.....#... #.....
#...#......# .. ###.# #...#.
#...##.....# .....##..###.#
#...#.###.#... ......#......#
.#.#.....###.. .....#..####.##
.#.#......#.### .....#..# #..#
.#.#.....#.....###.. ..#..# #..#
..#..%...#.....O#.###.# #.# #...
..##.....# #@....## #.####...
..#%###.#... #.)....# #.#......
.#.....###.....#.....## #.#.#....
.#......# ### #......# #.#......
.#.....#.....###.....####........
#......# .. ..#.###.#....o......#
##.....# #.....#####..#.....#
####.#.. .. #......#.....#....##
##...###.....#.....#...........#


You could see an ogre.

Vanquished Creatures
  Sigmund (D:3)
  An ogre (D:5)
  A scorpion (D:5)
  2 hounds (D:5)
  A jelly (D:5)
  2 orc priests
  An iguana (D:4)
  A sleepcap (D:4)
  Terence (D:3)
  3 orc wizards (D:4)
  2 adders
  A shadow imp (D:5)
  A worm (D:2)
  A dart slug (D:4)
  10 orcs
  6 bats
  2 endoplasms
  3 giant cockroaches (D:1)
  3 goblins
  15 hobgoblins
  8 jackals
  A quokka (D:3)
  5 ball pythons
  2 frilled lizards
  6 kobolds
  6 rats
86 creatures vanquished.

Notes
Turn   | Place    | Note
-------+----------+-------------------------------------------
     0 | D:1      | qw the Deep Elf Hunter began the quest for the Orb.
     0 | D:1      | Reached XP level 1. HP: 12/12 MP: 3/3
     0 | D:1      | 0 ||| qw: Version: 0.3-a-22-g0ed2b0b
     0 | D:1      | 0 ||| qw: Game counter: 6549
     0 | D:1      | 0 ||| qw: Melee chars always use a shield: true
     0 | D:1      | 0 ||| qw: God list: Okawaru
     0 | D:1      | 0 ||| qw: Allow faded altars: false
     0 | D:1      | 0 ||| qw: Do Orc after clearing Dungeon:15 true
     0 | D:1      | 0 ||| qw: Do second Lair branch before Depths: true
     0 | D:1      | 0 ||| qw: Lair rune preference: random
     0 | D:1      | 0 ||| qw: Goals: Normal
     0 | D:1      | 0 ||| PLANNING D:1-11
    82 | D:1      | Reached XP level 2. HP: 16/16 MP: 4/4
    99 | D:1      | 99 ||| UPGRADING to +1 hat.
   104 | D:1      | 104 ||| UPGRADING to ring of willpower.
   105 | D:1      | 105 ||| READING scroll labelled XAUGHYO EWAE.
   106 | D:1      | 106 ||| DROPPING scroll of butterflies.
   122 | D:1      | Reached skill level 6 in Ranged Weapons
   126 | D:1      | 126 ||| FLEEEEING.
   127 | D:1      | 127 ||| FLEEEEING.
   128 | D:1      | 128 ||| FLEEEEING.
   129 | D:1      | 129 ||| FLEEEEING.
   130 | D:1      | 130 ||| FLEEEEING.
   131 | D:1      | 131 ||| FLEEEEING.
   132 | D:1      | 132 ||| FLEEEEING.
   133 | D:1      | 133 ||| FLEEEEING.
   134 | D:1      | 134 ||| FLEEEEING.
   135 | D:1      | 135 ||| FLEEEEING.
   136 | D:1      | 136 ||| FLEEEEING.
   137 | D:1      | 137 ||| FLEEEEING.
   138 | D:1      | 138 ||| FLEEEEING.
   139 | D:1      | 139 ||| FLEEEEING.
   140 | D:1      | 140 ||| FLEEEEING.
   650 | D:1      | Reached XP level 3. HP: 20/20 MP: 5/5
   999 | D:1      | 999 ||| UPGRADING to +2 pair of gloves.
  1075 | D:2      | Found a broken altar of Ashenzari.
  1810 | D:2      | Found Keav's Assorted Antiques.
  1813 | D:2      | 1813 ||| SHOPLISTING +5 robe of Night {Dark Will+ SInv}
                  | (1260 gold, have 68).
  1813 | D:2      | 1813 ||| BUYING fuming green potion (18 gold).
  1813 | D:2      | Bought a fuming green potion for 18 gold pieces
  1813 | D:2      | 1813 ||| BUYING scroll labelled UPIOHA QOUDGHEY (21 gold).
  1813 | D:2      | Bought a scroll labelled UPIOHA QOUDGHEY for 21 gold pieces
  1813 | D:2      | 1813 ||| BUYING scroll labelled WEZOAT GEHA (21 gold).
  1813 | D:2      | Bought a scroll labelled WEZOAT GEHA for 21 gold pieces
  1813 | D:2      | 1813 ||| SHOPLISTING scroll labelled ZUATUCS ZAHINT (21
                  | gold, have 8).
  1813 | D:2      | 1813 ||| SHOPLISTING shiny helmet (157 gold, have 8).
  1852 | D:2      | 1852 ||| DROPPING +2 pair of gloves.
  1853 | D:2      | 1853 ||| UPGRADING to +0 cloak.
  1858 | D:2      | 1858 ||| DROPPING +6 ring of intelligence.
  1859 | D:2      | 1859 ||| READING 5 scrolls labelled WEZOAT GEHA.
  1863 | D:2      | 1863 ||| READING scroll labelled DIYGETTULOD.
  1864 | D:2      | 1864 ||| READING scroll labelled UPIOHA QOUDGHEY.
  1865 | D:2      | 1865 ||| DRINKING 2 fuming green potions.
  2014 | D:3      | Noticed Sigmund
  2017 | D:3      | Killed Sigmund
  2018 | D:3      | Reached skill level 9 in Ranged Weapons
  2018 | D:3      | Reached XP level 4. HP: 25/25 MP: 6/6
  2018 | D:3      | Reached XP level 5. HP: 29/29 MP: 7/7
  2042 | D:3      | Noticed Terence
  2049 | D:3      | Killed Terence
  2050 | D:3      | Reached skill level 3 in Dodging
  2447 | D:3      | 2447 ||| READING scroll labelled SUYRIM OPRIA.
  2448 | D:3      | 2448 ||| READING scroll labelled NAVEIB VUNEUMI.
  2449 | D:3      | 2449 ||| READING 2 scrolls labelled ZUATUCS ZAHINT.
  2450 | D:3      | 2450 ||| READING scroll labelled NEITEQ BOIQY.
  2451 | D:3      | 2451 ||| READING scroll labelled IDEYGG JUPRE.
  2452 | D:3      | 2452 ||| READING scroll labelled QISHET WIJISTA.
  2453 | D:3      | 2453 ||| DROPPING scroll of noise.
  2541 | D:4      | 2541 ||| Stepping ~*~*~tactically~*~*~ (outnumbered).
  2543 | D:4      | 2543 ||| Stepping ~*~*~tactically~*~*~ (outnumbered).
  2547 | D:4      | Reached XP level 6. HP: 23/35 MP: 8/8
  2547 | D:4      | 2547 ||| FLEEEEING.
  2840 | D:4      | Identified the +9 dagger of Mixam {spect, rF+ rC+}
  3164 | D:4      | 3164 ||| READING scroll of enchant armour.
  3164 | D:4      | 3164 ||| ENCHANTING +1 hat.
  3185 | D:4      | Reached skill level 10 in Ranged Weapons
  3231 | D:4      | 3231 ||| UPGRADING to +0 ring mail.
  3241 | D:4      | 3241 ||| DROPPING +0 leather armour.
  3242 | D:4      | 3242 ||| READING 3 scrolls labelled ETZACZIUMOI.
  3243 | D:4      | 3243 ||| DRINKING 2 brown potions.
  3244 | D:4      | 3244 ||| READING 2 scrolls of identify.
  3244 | D:4      | 3244 ||| IDENTIFYING pink potion
  3245 | D:4      | 3245 ||| DROPPING potion of attraction.
  3246 | D:4      | 3246 ||| DROPPING potion of brilliance.
  3272 | D:5      | Entered Level 5 of the Dungeon
  3304 | D:5      | Reached skill level 1 in Armour
  3451 | D:5      | Reached XP level 7. HP: 40/40 MP: 9/9
  3543 | D:5      | Reached skill level 11 in Ranged Weapons
  3543 | D:5      | 3543 ||| FLEEEEING.
  3547 | D:5      | 3547 ||| FLEEEEING.
  3550 | D:5      | 3550 ||| FLEEEEING.
  3551 | D:5      | 3551 ||| FLEEEEING.
  3562 | D:5      | 3562 ||| FLEEEEING.
  3563 | D:5      | 3563 ||| FLEEEEING.
  3566 | D:5      | 3566 ||| FLEEEEING.
  3578 | D:5      | HP: 4/40 [ogre/+0 giant spiked club (26)]
  3579 | D:5      | 3579 ||| READING 6 scrolls of teleportation.
  3580 | D:5      | Mangled by an ogre

Levels and vault maps discovered:
D:1:      minmay_arrival_radiant_lines, layout_loops_corners,
          serial_co_window_serial, co_window_paths_b, co_window_cross_1,
          co_window_corner_a, co_window_corner_a, co_window_of_opportunity_a,
          co_window_of_opportunity_a, co_window_corner_ca,
          co_window_of_opportunity_b, co_window_broadway_a, glass_columns_a,
          glass_columns_b, glass_columns_a
D:2:      layout_loops_corners, serial_shops, nicolae_shop_tiny_real_fake_doors,
          basic_altar
D:3:      layout_basic, minmay_quadrilaterals, uniq_terence, uniq_sigmund
D:4:      layout_gridville, minmay_hedge_maze
D:5:      nicolae_BIG_FREAKIN_CUBE, layout_basic, st_stairs_9,
          grunt_ministairs_5, grunt_decor_resistance,
          hangedman_decor_clover_reticule, minmay_misc_feat_x

Skill      XL: |  1  2  3  4  5  6  7 |
---------------+----------------------+-----
Ranged Weapons | 6 9 10 11 | 11.2
Dodging        | 3 |  3.1
Fighting       | 2 |  2.2
Armour         | 1 |  1.0
Stealth        | |  1.2

Action                     |  1- 3 |  4- 6 |  7- 9 || total
---------------------------+-------+-------+-------++-------
   Fire: Shortbow          |   102 |   102 |    29 ||   233
    Use: Scroll            |     4 |     9 |     1 ||    14
         Potion            |     1 |     1 |       ||     2
 Armour: Leather armour    |    10 |    14 |       ||    24
         Ring mail         |       |     3 |    12 ||    15
  Dodge: Dodged            |    18 |    23 |    19 ||    60

Table legend:
 A = Non-vault XP
 B = Vault XP
 C = Vault XP percentage of total XP
 D = Non-vault monster count
 E = Vault monster count
 F = Vault count percentage of total count
                 A         B        C        D         E       F
            +---------+---------+-------+---------+---------+-------
      Total |     540 |     480 |  47.1 |      73 |      13 |  15.1
            +---------+---------+-------+---------+---------+-------
        D:1 |      43 |       0 |   0.0 |      26 |       0 |   0.0
        D:2 |      11 |       0 |   0.0 |       6 |       0 |   0.0
        D:3 |      28 |     266 |  90.5 |      11 |       6 |  35.3
        D:4 |     255 |       0 |   0.0 |      20 |       0 |   0.0
        D:5 |     203 |     214 |  51.3 |      10 |       7 |  41.2
            +---------+---------+-------+---------+---------+-------
